 Dungeon Crawl Stone Soup version 0.25-a0-346-g140ab784a8 (webtiles) character file.

Game seed: 12149916223487892085, levelgen mode: deterministic

78985 PentaManta the Markscentaur (level 15, -6/112 HPs)
             Began as a Centaur Hunter on Jan 1, 2020.
             Was the Champion of Dithmenos.
             Mangled by Agnes
             ... wielding a +3 lajatang of distortion
              (25 damage)
             ... on level 15 of the Dungeon.
             The game lasted 01:49:38 (29676 turns).

PentaManta the Markscentaur (Centaur Hunter)       Turns: 29676, Time: 01:49:39

Health: -6/112     AC: 13    Str: 15 (16) XL:     15   Next: 19%
Magic:  19/19      EV:  4    Int:  4 (6)  God:    Dithmenos [******]
Gold:   1818       SH:  0    Dex:  7      Spells: 14/14 levels left

rFire    . . .     SeeInvis .   Q - +2 shortbow (velocity)
rCold    + . .     Gourm    .   (shield currently unavailable)
rNeg     . . .     Faith    .   H - +0 ice dragon scales
rPois    +         Spirit   .   C - +0 hat
rElec    .         Reflect  .   (no cloak)
rCorr    .         Harm     .   E - +0 pair of gloves of Darkness {+Fly MR+}
MR       ++...     Rnd*Rage +   w - +1 centaur barding Stlth ..........Rnd*Tele +
                                v - amulet of regeneration
HPRegen  0.68/turn              T - ring of fire
MPRegen  0.16/turn              o - ring of poison resistance

@: about to teleport, very slightly contaminated, wreathed by umbra, lightly
drained, very quick
A: large, hooves 3, [berserk 2], [blurry vision 2], [clumsy 2], deformed body,
[deterioration 2], [dopey 2], speed 2, [frail 2], [teleportitis 2], tough skin
3, [weak 2], [no potion heal 2], [subdued magic 2]
a: Shadow Step, Shadow Form, Renounce Religion, Evoke Flight


You were on level 15 of the Dungeon.
You worshipped Dithmenos.
Dithmenos was exalted by your worship.
You were near starving.

You visited 3 branches of the dungeon, and saw 22 of its levels.
You visited the Abyss 1 time.
You also visited: Ice Cave.

You collected 2522 gold pieces.
You spent 704 gold pieces at shops.

Inventory:

Hand Weapons
 c - a +0 great mace
 I - a +5 dire flail
 P - a +5 demon trident of electrocution
 Q - a +2 shortbow of velocity (weapon)
Missiles
 d - 239 arrows (quivered)
 y - 17 curare-tipped darts
Armour
 w - a +1 centaur barding (worn)
 A - a +1 plate armour of cold resistance
 C - a +0 hat (worn)
 E - the +0 pair of gloves of Darkness (worn) {+Fly MR+}
   (You found it in an ice cave)

   It affects your resistance to hostile enchantments.
   It lets you fly.
 H - +0 ice dragon scales (worn)
 O - a +1 leather armour of fire resistance
 X - the +2 leather armour "Idongic" {rPois rF- rN++ SInv}
   (You found it on level 14 of the Dungeon)

   It makes you vulnerable to fire.
   It protects you from poison.
   It greatly protects you from negative energy.
   It lets you see invisible.
Jewellery
 a - an uncursed ring of positive energy
 o - a ring of poison resistance (right hand)
 q - an uncursed amulet of guardian spirit
 r - an uncursed ring of protection from magic
 v - an amulet of regeneration (around neck)
 T - a ring of fire (left hand)
 W - an uncursed ring of ice
Wands
 k - a wand of iceblast (1)
 s - a wand of disintegration (26)
 D - a wand of clouds (3)
 F - a wand of flame (37)
 M - a wand of acid (1)
 N - a wand of paralysis (6)
 S - a wand of polymorph (4)
Scrolls
 b - a scroll of blinking
 g - 4 scrolls of teleportation
 j - 4 scrolls of enchant weapon
 l - 2 scrolls of remove curse
 z - a scroll of silence {unknown}
 G - a scroll of fear
 U - 3 scrolls of magic mapping
 V - a scroll of enchant armour
 Y - a scroll of holy word
Potions
 e - 3 potions of cancellation
 m - 3 potions of haste
 n - 5 potions of flight
 p - 2 potions of lignification
 u - a potion of berserk rage {unknown}
 x - 4 potions of mutation
 B - 2 potions of brilliance
 J - 2 potions of ambrosia
 K - 2 potions of might
 L - a potion of invisibility
 R - 2 potions of agility
Miscellaneous
 t - a lightning rod (4/4)
 Z - a lightning rod (4/4)
Comestibles
 f - 38 rations


   Skills:
 + Level 15.6(15.2) Fighting
   Level 7.7(9.7) Axes
 - Level 9.8(10.5) Maces & Flails
 + Level 2.7(5.2) Polearms
 - Level 20.0(19.5) Bows
 - Level 1.3(1.1) Dodging
 - Level 0.4(0.1) Stealth
 + Level 6.3(6.0) Invocations


You had 14 spell levels left.
You didn't know any spells.
Your spell library contained the following spells:

 Spells                   Type           Power        Failure   Level  Hunger
 Confusing Touch          Hex            #.....       95%         1    ##.....
 Corona                   Hex            #......      95%         1    ##.....
 Ensorcelled Hibernation  Hex/Ice        #.....       99%         2    ###....
 Confuse                  Hex            #.......     100%        3    ####...
 Dazzling Flash           Conj/Hex       #.....       100%        3    ####...
 Gell's Gravitas          Tloc           #.........   100%        3    ####...
 Tukima's Dance           Hex            #.......     100%        3    ####...
 Petrify                  Tmut/Erth      #.......     100%        4    #####..
 Metabolic Englaciation   Hex/Ice        #.........   100%        5    ######.
 Yara's Violent Unravell  Hex/Tmut       #.........   100%        5    ######.


Dungeon Overview and Level Annotations

Branches:
Dungeon (15/15)            Temple (1/1) D:5            Lair (6/6) D:10
 Shoals (0/4) Lair:3        Snake (0/4) Lair:3        Slime (0/5) Lair:6
    Orc (0/2) D:11         Vaults (0/5) D:13          IceCv (visited)
 Depths: D:15

Altars:
Ashenzari
Cheibriados
Dithmenos
Elyvilon
Fedhas
Gozag
Hepliaklqana
Kikubaaqudgha
Makhleb
Nemelex Xobeh
Okawaru
Qazlal
Ru
Sif Muna
Trog
Uskayaw
Vehumet
Wu Jian
Xom
Yredelemnul
Zin
The Shining One
Jiyva

Shops:
D:9 *   D:15 *

Portals:
Trove: D:12 (give 2 scrolls of acquirement)

Annotations:
D:15 Agnes


Innate Abilities, Weirdness & Mutations

You have hooves in place of feet.
Armour fits poorly on your strangely shaped body.
You cover ground very quickly.
You have extremely tough skin. (AC +3)
[You often lose your temper in combat.]
[Scrolls take you longer to read.]
[You are very clumsy. (Dex -4)]
[Your body often deteriorates upon taking damage.]
[You are very dopey. (Int -4)]
[You are very frail. (-20% HP)]
[You are sometimes teleported next to monsters.]
[You are very weak. (Str -4)]
[Potions are poor at restoring your health.]
[Your spells are easier to cast, but less powerful.]


Message History

Found a gateway leading out of the Abyss.
The thrashing horror roars!
The thrashing horror tramples you.
* * * LOW HITPOINT WARNING * * *
You stumble backwards!
Found a mace.
Really read with blurry vision while enemies are nearby?
The thrashing horror roars!
You begin reading the scroll.
You continue reading the scroll.
The thrashing horror tramples you but does no damage. x2
Blink to where?
Press: ? - help, Dir - move target cursor You are very lightly contaminated with residual magic.
As you read the scroll of blinking, it crumbles to dust.
You pass through the gate.
Welcome back to the Dungeon!
Level annotation: Agnes Agnes shouts, "I will kick you around like a rattan ball!"
Agnes hits you with a +3 lajatang of distortion!!
You die...

§####.#
#####...# #
§§§...#
#....§§§# ###
#§§<###
##..(.§§§####..
##§.#
#.(...§§§.§....
#(.#
##.((((.§##.....
#..# #...(..§#
###... #.i#
##(.(..§# #...
#..# ##(.###(.#
##.# ##..#
###@..###.## #.#
#...#
#.[i...#..# #.#
....#
#####.....# #..
####. ##....#
#.. .. #.....
#.. ..# .....
... ..# ..###
... # ....


You could see Agnes.

Vanquished Creatures
  Rupert (D:12)
  A reaper (IceCv)
  An ironheart preserver (D:13)
  A very ugly thing (D:15)
  The ghost of Yteday the Thaumaturge, a journeyman GrFE of Vehumet (D:13)
  An ice dragon (Lair:6)
  A rakshasa (D:13)
  9 hydras
  5 centaur warriors
  9 two-headed ogres
  An ogre mage (D:15)
  A deep elf knight (D:14)
  An unseen horror (D:15)
  Pikel (D:9)
  2 lindwurms (Lair:6)
  13 ugly things
  A deep elf mage (D:9)
  3 cyclopes
  2 manticores
  6 elephants (Lair:6)
  A merfolk siren (Lair:3)
  2 molten gargoyles (Lair:3)
  2 black mambas
  Psyche (D:8)
  6 torpor snails
  2 ice statues (IceCv)
  A gargoyle (D:15)
  A smoke demon (Abyss:3)
  A rime drake (Lair:5)
  7 spiny frogs
  6 komodo dragons
  An ancient zyme (Abyss:3)
  9 ice devils (IceCv)
  4 trolls
  3 tyrant leeches (Lair:6)
  15 slime creatures
  7 hornets (Lair:6)
  15 polar bears
  6 raiju (Lair:6)
  6 blink frogs
  A raiju (shapeshifter) (D:14)
  9 hippogriffs
  A ynoxinul (Abyss:3)
  A spriggan (D:8)
  3 wyverns
  22 yaks
  A basilisk (D:11)
  A hungry ghost (D:13)
  4 wargs (Lair:6)
  4 vampire mosquitoes (D:11)
  A large abomination (Abyss:3)
  8 water moccasins
  11 hell hounds (Lair:6)
  19 porcupines
  10 orc warriors
  An eye of draining (D:14)
  11 ice beasts
  A swamp drake (D:11)
  A phantom (D:8)
  4 sky beasts
  4 slaves (D:9)
  14 black bears
  13 ogres
  19 wolves
  7 centaurs
  14 crocodiles
  3 big kobolds
  19 bullfrogs
  A small abomination (Abyss:3)
  A wyvern zombie (D:10)
  A water moccasin zombie (D:6)
  A wyvern skeleton (D:14)
  5 scorpions
  8 killer bees
  2 howler monkeys
  11 wights
  An electric eel (D:12)
  5 lava snakes (Lair:3)
  3 centaur zombies
  5 crimson imps
  2 bullfrog zombies
  5 hounds
  13 orc wizards
  2 quasits
  8 orc priests
  A bullfrog skeleton (D:11)
  3 jellies
  5 centaur skeletons
  2 iguanas
  5 worker ants
  2 killer bee zombies
  A hound zombie (D:6)
  2 hound skeletons
  2 worker ant zombies
  12 adders
  2 shadow imps
  11 white imps (IceCv)
  4 ufetubi (IceCv)
  2 oozes
  2 adder zombies
  An adder skeleton (D:5)
  A worm (D:2)
  4 leopard geckos
  72 orcs
  3 ball pythons
  6 bats
  5 giant cockroaches
  13 goblins
  18 hobgoblins
  12 jackals
  6 quokkas
  2 frilled lizards
  A jackal skeleton (D:4)
  A jackal zombie (D:7)
  21 kobolds
  A quokka zombie (D:7)
  9 rats
670 creatures vanquished.

Vanquished Creatures (others)
  4 white imps (IceCv)
  3 ufetubi (IceCv)
  8 fungi
  29 plants
  6 starspawn tentacles (Abyss:3)
50 creatures vanquished.

Grand Total: 720 creatures vanquished

Notes
Turn   | Place    | Note
-------+----------+-------------------------------------------
     0 | D:1      | PentaManta the Centaur Hunter began the quest for the Orb.
     0 | D:1      | Reached XP level 1. HP: 17/17 MP: 1/1
   315 | D:1      | Reached XP level 2. HP: 19/24 MP: 2/2
   320 | D:1      | Reached skill level 6 in Bows
  1086 | D:2      | Reached XP level 3. HP: 29/29 MP: 3/3
  1350 | D:2      | Reached skill level 7 in Bows
  1817 | D:3      | Reached XP level 4. HP: 36/36 MP: 4/4
  1873 | D:3      | Found an iron altar of Okawaru.
  2610 | D:3      | Reached skill level 8 in Bows
  3052 | D:4      | Found a glowing silver altar of Zin.
  3052 | D:4      | Found a burning altar of Makhleb.
  3053 | D:4      | Noticed a green death
  3053 | D:4      | Noticed an angel
  3219 | D:4      | Reached XP level 5. HP: 41/41 MP: 5/5
  3230 | D:4      | Reached skill level 9 in Bows
  3244 | D:4      | Found a stormy altar of Qazlal.
  3349 | D:4      | Noticed an ogre
  3376 | D:4      | Killed an ogre
  3376 | D:4      | Reached XP level 6. HP: 48/48 MP: 6/6
  3569 | D:4      | Reached skill level 10 in Bows
  3829 | D:5      | Entered Level 5 of the Dungeon
  3926 | D:5      | Noticed an ice beast
  3957 | D:5      | Killed an ice beast
  4035 | D:5      | Found a staircase to the Ecumenical Temple.
  4048 | Temple   | Entered the Ecumenical Temple
  4056 | Temple   | Became a worshipper of Dithmenos the Shadowed
  4082 | D:5      | Reached XP level 7. HP: 55/55 MP: 7/7
  4219 | D:5      | Reached skill level 11 in Bows
  4783 | D:6      | Reached XP level 8. HP: 59/67 MP: 8/8
  4812 | D:6      | Reached skill level 12 in Bows
  4851 | D:6      | Reached * piety under Dithmenos
  4857 | D:6      | Reached skill level 5 in Fighting
  5692 | D:7      | Reached skill level 13 in Bows
  5876 | D:7      | Reached XP level 9. HP: 75/78 MP: 7/9
  5913 | D:7      | Reached ** piety under Dithmenos
  6248 | D:7      | Found a hazy altar of Hepliaklqana.
  6425 | D:8      | Found an opulent altar of Gozag.
  7079 | D:8      | Reached skill level 14 in Bows
  7277 | D:8      | Noticed Psyche
  7294 | D:8      | Killed Psyche
  7803 | D:8      | Found an opulent altar of Gozag.
  8669 | D:9      | Found a stormy altar of Qazlal.
  8814 | D:9      | Reached XP level 10. HP: 85/91 MP: 8/10
  8939 | D:9      | Found Umirchy Teama's General Store.
  8949 | D:9      | Reached *** piety under Dithmenos
  8982 | D:9      | Reached skill level 1 in Maces & Flails
  8985 | D:9      | Reached skill level 15 in Bows
  9014 | D:9      | Noticed a manticore
  9027 | D:9      | Killed a manticore
  9292 | D:9      | Noticed a deep elf mage
  9307 | D:9      | Killed a deep elf mage
  9585 | D:9      | Noticed Pikel
  9610 | D:9      | Killed Pikel
  9827 | D:10     | Entered Level 10 of the Dungeon
 10056 | D:10     | Reached skill level 10 in Fighting
 10062 | D:10     | Found a staircase to the Lair.
 10185 | D:9      | Bought an uncursed amulet of regeneration for 480 gold
                  | pieces
 10199 | D:9      | Bought a wand of digging (3) for 224 gold pieces
 10540 | D:10     | Noticed a two-headed ogre
 10566 | D:10     | Killed a two-headed ogre
 10724 | D:10     | Reached **** piety under Dithmenos
 10773 | D:10     | Reached skill level 16 in Bows
 10832 | D:10     | Reached XP level 11. HP: 101/101 MP: 11/11
 11300 | D:10     | Noticed a two-headed ogre
 11343 | D:10     | Killed a two-headed ogre
 11343 | D:10     | Reached skill level 5 in Maces & Flails
 11861 | D:11     | Noticed a two-headed ogre
 11908 | D:11     | Killed a two-headed ogre
 11908 | D:11     | Reached skill level 1 in Axes
 12102 | D:11     | Noticed a brown ugly thing
 12214 | D:11     | Killed a brown ugly thing
 13080 | D:11     | Noticed a five-headed hydra
 13088 | D:11     | Killed a five-headed hydra
 13249 | D:11     | Reached skill level 17 in Bows
 13598 | D:11     | Reached ***** piety under Dithmenos
 13742 | D:11     | Found a staircase to the Orcish Mines.
 14154 | D:12     | Noticed Rupert
 14158 | D:12     | Paralysed by Rupert for 5 turns
 14279 | D:12     | Killed Rupert
 14279 | D:12     | Reached skill level 5 in Axes
 14279 | D:12     | Reached XP level 12. HP: 99/112 MP: 12/12
 14298 | D:12     | Found a portal to a secret trove of treasure.
 15075 | D:13     | Noticed a two-headed ogre
 15097 | D:13     | Killed a two-headed ogre
 15300 | D:13     | Noticed a two-headed ogre
 15368 | D:12     | Killed a two-headed ogre
 15473 | D:13     | Reached skill level 18 in Bows
 15534 | D:13     | Noticed an eight-headed hydra
 15585 | D:13     | Killed an eight-headed hydra
 15599 | D:13     | Found a gate to the Vaults.
 15599 | D:13     | Noticed an ironheart preserver
 15635 | D:13     | Killed an ironheart preserver
 15762 | D:13     | Noticed Yteday's ghost (journeyman GrFE)
 15763 | D:13     | Found a runed translucent door.
 15778 | D:13     | Noticed a two-headed ogre
 15791 | D:13     | Killed a two-headed ogre
 15813 | D:13     | Noticed a centaur warrior
 15821 | D:13     | Killed a centaur warrior
 15948 | D:13     | Noticed a rakshasa
 16043 | Lair:1   | Entered Level 1 of the Lair of Beasts
 16135 | Lair:1   | Reached XP level 13. HP: 122/122 MP: 13/13
 18222 | Lair:3   | Reached skill level 19 in Bows
 18447 | Lair:3   | Found a staircase to the Snake Pit.
 18646 | Lair:3   | Found a staircase to the Shoals.
 18985 | Lair:3   | Reached ****** piety under Dithmenos
 21454 | Lair:6   | Entered Level 6 of the Lair of Beasts
 22148 | Lair:6   | Found a runed translucent door.
 22149 | Lair:6   | Found a viscous altar of Jiyva.
 22151 | Lair:6   | Found a staircase to the Slime Pits.
 22228 | Lair:6   | Reached XP level 14. HP: 132/132 MP: 14/14
 23343 | Lair:6   | Reached skill level 20 in Bows
 23728 | Lair:6   | Paralysed by a hornet for 2 turns
 24460 | Lair:6   | Found a runed translucent door.
 24604 | Lair:6   | Paralysed by a hornet for 2 turns
 24608 | Lair:6   | Reached skill level 1 in Invocations
 25775 | D:13     | Reached skill level 15 in Fighting
 26093 | D:13     | Killed Yteday's ghost
 26312 | D:14     | Found a frozen archway.
 26398 | IceCv    | Entered an ice cave
 26649 | IceCv    | Found the +2 pair of boots of the Assassin {Detection Stab+
                  | Stlth++}
 26669 | IceCv    | Got a pair of encrusted gloves
 26675 | IceCv    | Identified the +0 pair of gloves of Darkness {+Fly MR+}
                  | (You found it in an ice cave)
 27142 | IceCv    | Noticed a reaper
 27240 | IceCv    | Killed a reaper
 27590 | D:15     | Entered Level 15 of the Dungeon
 27868 | D:14     | Got a warped leather armour
 27879 | D:14     | Identified the +2 leather armour "Idongic" {rPois rF- rN++
                  | SInv} (You found it on level 14 of the Dungeon)
 28167 | D:14     | Reached skill level 5 in Invocations
 28435 | D:14     | Reached XP level 15. HP: 141/141 MP: 19/19
 28548 | D:14     | Reached skill level 1 in Polearms
 28946 | D:15     | Found Sacedib's General Store.
 28946 | D:15     | Noticed Agnes
 29203 | D:15     | Cast into level 3 of the Abyss (Agnes)
 29412 | Abyss:3  | Noticed a tentacled starspawn
 29619 | Abyss:3  | Noticed a tentacled starspawn
 29676 | D:15     | Escaped the Abyss
 29676 | D:15     | Mangled by Agnes

Levels and vault maps discovered:
D:1:      dpeg_arrival_castle, layout_basic
D:2:      cheibrodos_greedy_goblins, layout_loops_ring, minmay_pentomino_w2
D:3:      layout_loops_corners, okawaru_gym_becter
D:4:      layout_basic, grunt_temple_overflow_order_and_chaos_2,
          nicolae_qazlal_general_emergency, first_ration,
          kennysheep_opposing_triangles
D:5:      layout_basic, minmay_temple_entry_tees, kennysheep_generic_room_14
D:6:      layout_loops_corners, serial_park_tiny_2
D:7:      layout_rooms, lemuel_coloured_pillars_altar
D:8:      layout_layer_cave, basic_altar, grunt_pizzeria,
          hangedman_decor_slide_cut, uniq_psyche
D:9:      minmay_goldmine, layout_basic, serial_shops, shop, basic_altar,
          uniq_pikel
D:10:     layout_stronghold, due_lair_maze_entry_diamond
D:11:     layout_long_grid, erik_orc_1
D:12:     layout_big_octagon, nicolae_trove_entry_crossroad,
          serial_bayou_lake_a, uniq_rupert
D:13:     layout_loops_ring, skrybe_vaults_entry_preservation,
          hellmonk_ghost_happy_afterlife
D:14:     layout_roguey, minivault_24, portal_ice_cave_entry_ice_beasts
D:15:     grunt_enter_depths_hoard, layout_layer_cave, minmay_strange_pillars,
          serial_shops, shop, minmay_between, uniq_agnes
Temple:   nicolae_temple_no_exploring_needed
Lair:1:   layout_hall_layers, cheibrodos_lair_lostbears
Lair:2:   layout_cave_pods, grunt_megastairs_5
Lair:3:   cheibrodos_magma_flow, layout_hall_layers,
          minmay_shoals_entry_lonely_mermaid, guppyfry_snake_entry_island,
          minivault_11, beast_lair_carwin_10, grunt_megastairs_4
Lair:4:   layout_concentric_octagons
Lair:5:   layout_layer_cave
Lair:6:   hangedman_lair_caniforms_friends, layout_big_grid, wormcave,
          slime_altar_2

Skill      XL: |  1  2  3  4  5  6  7  8  9 10 11 12 13 14 15 |
---------------+----------------------------------------------+-----
Bows           | 6 7 8 9 10 11 13 14 16 17 18 19 20 | 20.0
Fighting       | 4 6 9 10 11 13 14 15 | 15.6
Maces & Flails | 4 5 7 9 |  9.8
Axes           | 5 7 |  7.7
Invocations    | 5 6 |  6.3
Polearms       | 2 |  2.7
Dodging        | |  1.3
Stealth        | |  0.4

Action                   |  1- 3 |  4- 6 |  7- 9 | 10-12 | 13-15 || total
-------------------------+-------+-------+-------+-------+-------++-------
Melee: Short sword       |     6 |       |       |       |       ||     6
       Whip              |   106 |   102 |   159 |   213 |    92 ||   672
       Kick              |     9 |    18 |    34 |    68 |   130 ||   259
       Dire flail        |       |       |       |       |   206 ||   206
       Battleaxe         |       |       |       |       |     3 ||     3
       Demon trident     |       |       |       |       |    55 ||    55
       Shortbow          |       |       |       |       |     1 ||     1
 Fire: Shortbow          |     8 |    51 |   310 |   862 |  1363 ||  2594
Throw: Dart              |       |       |       |       |     2 ||     2
Invok: Shadow Form       |       |       |       |       |     1 ||     1
Evoke: Wand              |       |       |       |    13 |     3 ||    16
       Lightning rod     |       |       |       |       |     1 ||     1
  Use: Scroll            |       |     7 |       |    14 |    16 ||    37
       Potion            |       |       |       |     2 |    13 ||    15
  Eat: Chunk             |     1 |     6 |     9 |     9 |    21 ||    46
       Ration            |       |       |     1 |     2 |     3 ||     6
Armor: Leather armour    |    42 |    42 |    42 |       |   106 ||   232
       Ring mail         |       |       |    78 |    34 |       ||   112
       Scale mail        |       |       |       |   118 |    21 ||   139
       Ice dragon scales |       |       |       |       |   181 ||   181
       Plate armour      |       |       |       |       |     3 ||     3
Dodge: Dodged            |    48 |    43 |   110 |   110 |   200 ||   511

Table legend:
 A = Non-vault XP
 B = Vault XP
 C = Vault XP percentage of total XP
 D = Non-vault monster count
 E = Vault monster count
 F = Vault count percentage of total count
                 A         B        C        D         E       F
            +---------+---------+-------+---------+---------+-------
      Total |   72077 |   40759 |  36.1 |     461 |     205 |  30.8
            +---------+---------+-------+---------+---------+-------
        D:1 |      24 |       0 |   0.0 |      15 |       0 |   0.0
        D:2 |      40 |      29 |  42.0 |      18 |      12 |  40.0
        D:3 |      65 |       0 |   0.0 |      22 |       0 |   0.0
        D:4 |     183 |     143 |  43.9 |      10 |       3 |  23.1
        D:5 |     769 |      74 |   8.8 |      25 |       1 |   3.8
        D:6 |    1017 |       0 |   0.0 |      21 |       0 |   0.0
        D:7 |     937 |       0 |   0.0 |      32 |       0 |   0.0
        D:8 |    1011 |     649 |  39.1 |      26 |       2 |   7.1
        D:9 |    2561 |     755 |  22.8 |      33 |      12 |  26.7
       D:10 |    3757 |    1185 |  24.0 |      42 |      11 |  20.8
       D:11 |    6471 |     586 |   8.3 |      32 |      17 |  34.7
       D:12 |    2689 |    3989 |  59.7 |      13 |       2 |  13.3
       D:13 |   12050 |    3731 |  23.6 |      38 |       9 |  19.1
       D:14 |   11669 |    1024 |   8.1 |      30 |       8 |  21.1
       D:15 |    5994 |       0 |   0.0 |      17 |       0 |   0.0
     Lair:1 |    3057 |    1114 |  26.7 |      18 |       4 |  18.2
     Lair:2 |    3194 |     243 |   7.1 |      12 |       2 |  14.3
     Lair:3 |    4783 |    3228 |  40.3 |      19 |      17 |  47.2
     Lair:4 |     814 |       0 |   0.0 |       4 |       0 |   0.0
     Lair:5 |    2565 |      82 |   3.1 |      10 |       1 |   9.1
     Lair:6 |    7707 |   18168 |  70.2 |      22 |      74 |  77.1
    Abyss:3 |     720 |     432 |  37.5 |       2 |       3 |  60.0
      IceCv |       0 |    5327 | 100.0 |       0 |      27 | 100.0
            +---------+---------+-------+---------+---------+-------
